AoeStats
← EqualGoat795961

Arena

509692212Analyzed
4v4 RM · 6d ago on Sep 27, 2026· 54m 7s· 8 players
Game mode
Random Map
Map size
Large (8 player)
Population
200
Speed
Normal
Resources
Standard
Victory
Conquest
Starting age
Dark Age
Ending age
Imperial Age
RankedLock teamsTeams togetherTeam positionsShared explorationLock speedFull tech treeHidden civsTurbo modeCheats
Victory
Defeat
🇪🇸 Turks · Spain
1210
+14
🇨🇴 Goths · Colombia
1134
+17
🇺🇸 Varangians · United States
1084
+19
🇵🇪 Tatars · Peru
1073
+21
🇦🇷 Bohemians · Argentina
1190
-19
🇦🇺 Saxons · Australia
1163
-18
🇺🇸 Spanish · United States
1151
-17
🇬🇧 Britons · United Kingdom
1151
-17
EqualGoat795961
10:23 Feudal Age
13:05 Loom
16:23 Castle Age
14:44 Gold Mining
14:47 Stone Mining
14:49 Double-Bit Axe
15:15 Horse Collar
17:43 Bow Saw
18:21 Treadmill Crane
22:34 Heavy Plow
25:54 Gold Mining
30:22 Imperial Age
27:52 Fletching
28:04 Padded Archer Armor
28:43 Bodkin Arrow
30:15 Ballistics
29:46 Heated Shot
30:08 Masonry
29:51 Town Watch
31:32 Wheelbarrow
31:36 Conscription
31:52 Bracer
35:02 Yeomen
36:01 Elite Longbowman
37:28 Gold Shaft Mining
38:06 Two-Man Saw
37:50 Leather Archer Armor
38:39 Chemistry
37:26 Arrowslits
37:37 Murder Holes
38:14 Architecture
37:55 Fortified Wall
39:05 Hoardings
45:04 Ring Archer Armor
45:30 Forging
45:21 Scale Mail Armor
45:33 Scale Barding Armor
45:31 Husbandry
44:53 Cavalier
47:41 Iron Casting
49:16 Light Cavalry
cm2of4
10:47 Feudal Age
14:29 Castle Age
12:27 Loom
23:09 Fletching
36:54 Wheelbarrow
36:17 Double-Bit Axe
39:52 Bow Saw
45:14 Hand Cart
PMar
11:29 Feudal Age
15:37 Castle Age
13:58 Double-Bit Axe
14:07 Horse Collar
15:11 Stone Mining
17:12 Bow Saw
18:06 Loom
24:23 Heavy Plow
25:16 Wheelbarrow
25:06 Fletching
25:55 Scale Mail Armor
26:02 Squires
25:28 Pikeman
27:31 Squires
30:01 Scale Mail Armor
33:19 Hand Cart
35:35 Imperial Age
32:58 Man-at-Arms
33:24 Gambesons
33:25 Arson
33:57 Chain Mail Armor
33:52 Forging
33:59 Treadmill Crane
34:30 Masonry
34:36 Long Swordsman
38:03 Iron Casting
40:03 Imperial Age
40:13 Two-Handed Swordsman
40:13 Halberdier
40:19 Shield Wall
41:19 Conscription
41:32 Plate Mail Armor
41:42 Champion
43:02 Siege Engineers
ChoG4n
10:07 Feudal Age
13:45 Loom
16:18 Castle Age
19:05 Double-Bit Axe
23:14 Wheelbarrow
22:22 Horse Collar
25:55 Imperial Age
24:16 Double-Bit Axe
25:49 Bow Saw
26:45 Heavy Plow
27:16 Squires
27:27 Pikeman
30:08 Hand Cart
30:05 Halberdier
31:06 Town Watch
33:00 Forging
32:51 Scale Mail Armor
34:04 Two-Man Saw
34:17 Iron Casting
35:50 Conscription
36:42 Chain Mail Armor
37:27 Blast Furnace
37:59 Plate Mail Armor
39:57 Chemistry
41:17 Fletching
41:28 Padded Archer Armor
44:29 Siege Engineers
45:42 Leather Archer Armor
46:05 Town Patrol
48:12 Wagenburg Tactics
TuSaiyajin
10:40 Feudal Age
11:53 Loom
14:32 Castle Age
12:21 Loom
12:38 Double-Bit Axe
14:08 Horse Collar
21:01 Wheelbarrow
23:59 Stone Mining
25:33 Gold Mining
25:55 Heavy Plow
26:14 Bloodlines
26:34 Husbandry
26:54 Vendel Legacy
28:04 Scale Barding Armor
29:11 Bow Saw
29:16 Forging
29:40 Chain Barding Armor
29:48 Town Watch
31:59 Iron Casting
34:59 Imperial Age
35:19 Ballistics
35:02 Cavalier
36:40 Squires
36:00 Elite Varangian Guard
36:40 Arson
37:01 Scale Mail Armor
38:13 Crop Rotation
38:03 Chain Mail Armor
38:24 Plate Barding Armor
38:55 Conscription
39:26 Light Cavalry
40:29 Capped Ram
42:16 Plate Mail Armor
42:46 Blast Furnace
43:17 Fletching
43:28 Padded Archer Armor
44:20 Elite Skirmisher
45:22 Bodkin Arrow
46:59 Chemistry
45:35 Light Cavalry
47:11 Bracer
47:26 Leather Archer Armor
48:55 Hussar
53:38 Ring Archer Armor
jaiderreyes4
11:05 Feudal Age
14:35 Castle Age
12:34 Double-Bit Axe
21:04 Horse Collar
22:39 Wheelbarrow
23:05 Bow Saw
23:04 Heavy Plow
32:19 Imperial Age
30:14 Gold Mining
30:14 Stone Mining
30:34 Loom
31:09 Hand Cart
31:00 Scale Mail Armor
31:39 Forging
32:09 Chain Mail Armor
33:46 Anarchy
34:52 Perfusion
35:39 Iron Casting
39:40 Blast Furnace
38:43 Squires
39:38 Elite Huskarl
43:00 Pikeman
46:16 Halberdier
46:56 Fletching
47:06 Padded Archer Armor
CanarioAOE
5:15 Loom
11:59 Feudal Age
16:17 Castle Age
22:13 Horse Collar
33:22 Imperial Age
31:10 Fletching
31:14 Gold Mining
47:54 Wheelbarrow
47:05 Town Watch
47:15 Double-Bit Axe
48:13 Bloodlines
48:13 Scale Barding Armor
48:18 Heavy Camel Rider
50:15 Chain Barding Armor
Huguini
5:10 Loom
9:41 Feudal Age
10:35 Double-Bit Axe
10:31 Horse Collar
15:30 Castle Age
14:04 Stone Mining
24:51 Wheelbarrow
25:49 Heavy Plow
28:27 Hand Cart
29:14 Gold Mining
34:06 Imperial Age
34:24 Gold Shaft Mining
34:19 Bow Saw
35:08 Conscription
35:13 Fletching
35:24 Padded Archer Armor
36:37 Town Watch
37:09 Bloodlines
37:00 Husbandry
36:53 Heavy Cavalry Archer
38:09 Bodkin Arrow
38:32 Town Patrol
40:33 Crop Rotation
40:45 Timurid Siegecraft
40:07 Elite Skirmisher
41:39 Ballistics
42:13 Light Cavalry
43:28 Elite Keshik
45:59 Bracer
46:06 Scale Barding Armor
49:48 Chemistry
48:28 Treadmill Crane
48:54 Siege Engineers
48:47 Murder Holes
50:17 Chain Barding Armor
50:14 Leather Archer Armor
54:49 Ring Archer Armor
54:54 Plate Barding Armor
Connection lost

Rejoining the realm…

Still unreachable

The connection could not be restored.

Session expired

The server has moved on; the page needs a fresh start.